 Dungeon Crawl Stone Soup version 0.31.0-11-ge490571c62 (webtiles) character file.

Game seed: 9211214316029005324

15390 qw the Skirmisher (level 12, -14/54 HPs)
             Began as a Spriggan Hunter on Feb 4, 2024.
             Was a High Priest of Okawaru.
             Demolished by a two-headed ogre
             ... wielding a +0 giant spiked club
              (25 damage)
             ... on level 11 of the Dungeon.
             The game lasted 00:01:27 (10583 turns).

qw the Skirmisher (Spriggan Hunter)                Turns: 10583, Time: 00:01:27

Health: -14/54     AC:  6    Str:  7    XL:     12   Next: 0%
Magic:  16/20      EV: 32    Int: 11    God:    Okawaru [*****.]
Gold:   594        SH:  0    Dex: 23    Spells: 11/11 levels left

rFire   + . .        m - +0 orcbow
rCold   + . .        (shield currently unavailable)
rNeg    . . .        t - +0 acid dragon scales
rPois   +            (helmet restricted)
rElec   .            a - scarf {rC+ rF+}
rCorr   +            (gloves unavailable)
SInv    +            (boots unavailable)
Will    ++...        r - amulet of faith
Stlth   ++           w - ring of poison resistance
HPRegen 0.29/turn    p - +5 ring of evasion
MPRegen 0.17/turn

%: faith
@: about to teleport, finesse-ful, very quick
A: very small, no large weapons, unfitting armour, see invisible, speed 3, frail
1
a: Renounce Religion, Heroism, Finesse, Duel


You were on level 11 of the Dungeon.
You worshipped Okawaru.
Okawaru was extremely pleased with you.
You visited 2 branches of the dungeon, and saw 12 of its levels.

You collected 594 gold pieces.


Innate Abilities, Weirdness & Mutations

You are very small and have problems with some larger weapons.
You are too small for most types of armour.
You have supernaturally acute eyesight. (SInv)
You cover ground extremely quickly. (Speed+++)
You are frail. (-10% HP)


   Skills:
 - Level 5.0 Fighting
 + Level 13.1 Ranged Weapons
 - Level 1.4 Armour
 - Level 12.9 Dodging
 - Level 1.5 Stealth
 - Level 10.0 Invocations


You had 11 spell levels left.
You didn't know any spells.
Your spell library was empty.

Inventory:

Hand Weapons
 m - a +0 orcbow (weapon)
Armour
 a - a scarf of resistance (worn)
 d - a +0 cloak
 o - a +0 troll leather armour
 t - +0 acid dragon scales (worn)
Jewellery
 p - a +5 ring of evasion (right hand)
 r - an amulet of faith (around neck)
 w - a ring of poison resistance (left hand)
 Y - a +4 ring of protection
Wands
 e - a wand of mindburst (15)
 h - a wand of iceblast (13)
 n - a wand of digging (11)
 q - a wand of quicksilver (9)
Scrolls
 c - a scroll of torment {unknown}
 i - a scroll of teleportation
Potions
 b - a potion of lignification {unknown}
 f - a potion of curing
 g - a potion of haste
 k - 3 potions of might
 l - a potion of resistance
 s - a potion of degeneration {unknown}

Dungeon Overview and Level Annotations

Branches:
Dungeon (11/15)            Temple (1/1) D:4            Lair (0/5) D:11
    Orc (0/2) D:9

Altars:
Ashenzari
Cheibriados
Dithmenos
Elyvilon
Fedhas
Gozag
Hepliaklqana
Kikubaaqudgha
Makhleb
Nemelex Xobeh
Okawaru
Qazlal
Ru
Sif Muna
Trog
Uskayaw
Vehumet
Wu Jian
Xom
Yredelemnul
Zin
The Shining One

Shops:
D:1 [[[?!

Annotations:
D:4 1 runed translucent door, Crazy Yiuf
D:10 exclusion: electric eel


Message History

You shoot an arrow. The arrow hits the two-headed ogre.
The two-headed ogre is lightly wounded.
You shoot an arrow. The arrow hits the two-headed ogre.
The two-headed ogre is lightly wounded.
You shoot an arrow.
The arrow barely misses the two-headed ogre.
You shoot an arrow.
The arrow hits the two-headed ogre but does no damage.
The two-headed ogre is lightly wounded.
You shoot an arrow. The arrow hits the two-headed ogre.
The two-headed ogre is lightly wounded.
You shoot an arrow.
The arrow barely misses the two-headed ogre.
You shoot an arrow.
The arrow barely misses the two-headed ogre.
You shoot an arrow.
The arrow closely misses the two-headed ogre.
You shoot an arrow. The arrow hits the two-headed ogre.
The two-headed ogre is moderately wounded.
You shoot an arrow. The arrow hits the two-headed ogre!
The two-headed ogre is heavily wounded.
The two-headed ogre hits you with a +0 giant spiked club!!
Ouch! That really hurt!
The two-headed ogre completely misses you.
You shoot an arrow. The arrow hits the two-headed ogre!
The two-headed ogre is severely wounded.
You shoot an arrow.
The arrow hits the two-headed ogre but does no damage.
The two-headed ogre is severely wounded.
You shoot an arrow. The arrow hits the two-headed ogre!
The two-headed ogre is severely wounded.
The two-headed ogre hits you with a +0 giant spiked club!
The two-headed ogre barely misses you.
10582 ||| READING 2 scrolls of teleportation.
As you read the scroll of teleportation, it crumbles to dust.
You feel strangely unstable.
You shoot an arrow. The arrow hits the two-headed ogre!
The two-headed ogre is almost dead.
The two-headed ogre hits you with a +0 giant spiked club!!
You die...

#.......####......#
#......).....######
#.......##^....# #######
#.......##=....# #.....##
#.......##.....# #PP}P..#
#.......##.....#####....#)#######
#####.#.##....)..................
##..........#.################
#.....7.....#@############....
#...P.......#.O........#...##.
#..P...######............# #.
#....### #...........# #.
#.....#######...........# #.
#...#..................# ##
#...#########<.....<...# . #>..#
#..........# #...# #..........#


You could see a two-headed ogre.

Vanquished Creatures
  3 two-headed ogres
  Pikel (D:4)
  A deep elf pyromancer (D:11)
  A manticore (D:11)
  An ugly thing (D:11)
  2 cyclopes
  A gargoyle (D:11)
  A komodo dragon (D:11)
  A kobold demonologist (D:11)
  An unseen horror (D:11)
  A red devil (D:11)
  7 trolls
  A hellwing (D:11)
  Grinder (D:4)
  3 hornets
  A slime creature (D:11)
  Sigmund (D:3)
  4 wraiths
  12 yaks
  A shadow (D:11)
  2 wyverns
  A wyvern (shapeshifter) (D:11)
  A basilisk (D:11)
  A neqoxec (D:11)
  2 steam dragons
  A chaos spawn (D:11)
  Menkaure (D:4)
  An acid dragon (D:10)
  A water moccasin (D:8)
  2 orc warriors
  A sky beast (D:7)
  2 black bears
  5 centaurs
  2 phantoms
  2 kobold brigands
  3 bullfrogs (D:8)
  3 scorpions
  A gnoll sergeant (D:10)
  A water moccasin zombie (D:4)
  A burial acolyte (D:5)
  7 wights
  8 howler monkeys
  5 electric eels (D:10)
  A quasit (D:11)
  6 hounds
  3 bombardier beetles (D:5)
  A jelly (D:5)
  4 orc priests
  A sleepcap (D:4)
  2 iguanas
  Ijyb (D:4)
  5 orc wizards
  A scorpion zombie (D:4)
  A hound zombie (D:4)
  12 gnolls
  6 adders
  A shadow imp (D:6)
  2 white imps (D:7)
  3 adder zombies
  A ribbon worm (D:2)
  4 dart slugs
  31 orcs
  2 bats
  10 endoplasms
  A giant cockroach (D:1)
  4 goblins
  6 hobgoblins
  19 kobolds
  6 quokkas
  6 ball pythons
  2 frilled lizards (D:3)
  3 jackal zombies (D:5)
  5 rats
249 creatures vanquished.

Notes
Turn   | Place    | Note
-------+----------+-------------------------------------------
     0 | D:1      | qw the Spriggan Hunter began the quest for the Orb.
     0 | D:1      | Reached XP level 1. HP: 10/10 MP: 2/2
     0 | D:1      | 0 ||| qw: Version: 0.3-a-160-g6735b56
     0 | D:1      | 0 ||| qw: Game counter: 5550
     0 | D:1      | 0 ||| qw: Melee chars always use a shield: true
     0 | D:1      | 0 ||| qw: God list: Okawaru
     0 | D:1      | 0 ||| qw: Allow faded altars: false
     0 | D:1      | 0 ||| qw: Do Orc after clearing Dungeon:15 true
     0 | D:1      | 0 ||| qw: Do second Lair branch before Depths: true
     0 | D:1      | 0 ||| qw: Lair rune preference: random
     0 | D:1      | 0 ||| qw: Goals: Normal
     0 | D:1      | 0 ||| PLANNING D:1-11
    83 | D:1      | Reached skill level 3 in Dodging
   113 | D:1      | Found Tizxiz's Armour Shoppe.
   113 | D:1      | Found Ohausu's Magic Scroll Shoppe.
   121 | D:1      | 121 ||| READING scroll labelled LYGA OBAUGOC.
   132 | D:1      | 132 ||| SHOPLISTING scroll of identify (22 gold, have 11).
   132 | D:1      | 132 ||| SHOPLISTING scroll of teleportation (33 gold, have
                  | 11).
   134 | D:1      | Found Vinuvo's Distillery.
   142 | D:1      | 142 ||| SHOPLISTING potion of curing (42 gold, have 11).
   142 | D:1      | 142 ||| SHOPLISTING potion of enlightenment (70 gold, have
                  | 11).
   142 | D:1      | 142 ||| SHOPLISTING potion of haste (140 gold, have 11).
   142 | D:1      | 142 ||| SHOPLISTING potion of mutation (112 gold, have 11).
   142 | D:1      | 142 ||| SHOPLISTING potion of resistance (140 gold, have
                  | 11).
   262 | D:1      | Found Xyokkic's Armour Shop.
   265 | D:1      | Reached XP level 2. HP: 14/14 MP: 3/3
   386 | D:1      | Found Reppanih's Antique Armour Shop.
   399 | D:1      | 399 ||| SHOPLISTING embroidered robe (96 gold, have 41).
   656 | D:1      | 656 ||| DRINKING 2 red potions.
   657 | D:1      | 657 ||| DROPPING scroll of butterflies.
   677 | D:2      | 677 ||| STAIRDANCE
   707 | D:2      | Reached XP level 3. HP: 13/18 MP: 4/4
   720 | D:2      | 720 ||| FLEEEEING.
   828 | D:2      | 828 ||| RETREEEEATING.
   832 | D:2      | 832 ||| RETREEEEATING.
   840 | D:2      | Reached skill level 5 in Ranged Weapons
   841 | D:2      | Reached XP level 4. HP: 22/22 MP: 5/5
  1091 | D:2      | 1091 ||| UPGRADING to +4 ring of protection.
  1092 | D:2      | 1092 ||| READING 2 scrolls of identify.
  1092 | D:2      | 1092 ||| IDENTIFYING lumpy inky potion
  1093 | D:2      | 1093 ||| READING scroll of identify.
  1093 | D:2      | 1093 ||| IDENTIFYING metallic puce potion
  1094 | D:2      | 1094 ||| READING scroll labelled NYERARCH ZECSOG.
  1094 | D:2      | 1094 ||| ENCHANTING +0 shortbow.
  1095 | D:2      | 1095 ||| READING 2 scrolls labelled CAZOTW COEMU.
  1100 | D:2      | 1100 ||| DROPPING potion of magic.
  1101 | D:2      | 1101 ||| DROPPING potion of brilliance.
  1165 | D:3      | Noticed Sigmund
  1177 | D:3      | Killed Sigmund
  1178 | D:3      | Reached XP level 5. HP: 10/25 MP: 6/6
  1297 | D:3      | Found a white marble altar of Elyvilon.
  1298 | D:3      | Found a glowing silver altar of Zin.
  1299 | D:3      | Found a glowing golden altar of the Shining One.
  1389 | D:3      | Found a hazy altar of Hepliaklqana.
  1422 | D:3      | Reached XP level 6. HP: 23/30 MP: 7/7
  1708 | D:3      | 1708 ||| UPGRADING to +0 cloak.
  1713 | D:3      | 1713 ||| READING 2 scrolls of identify.
  1713 | D:3      | 1713 ||| IDENTIFYING metallic inky potion
  1714 | D:3      | 1714 ||| READING scroll of identify.
  1714 | D:3      | 1714 ||| IDENTIFYING pink potion
  1715 | D:3      | 1715 ||| READING scroll labelled UDUOSE PUYPA.
  1716 | D:3      | 1716 ||| READING scroll labelled DYSTRO QEZUJU.
  1717 | D:3      | 1717 ||| DRINKING 3 lumpy white potions.
  1718 | D:3      | 1718 ||| DRINKING 2 potions of curing.
  1718 | D:3      | 1718 ||| (to cure confusion)
  1719 | D:3      | 1719 ||| DRINKING 2 inky potions.
  1720 | D:3      | 1720 ||| DROPPING 2 potions of ambrosia.
  1721 | D:3      | 1721 ||| DROPPING potion of berserk rage.
  1722 | D:3      | 1722 ||| DROPPING potion of attraction.
  1809 | D:4      | Noticed Ijyb
  1828 | D:4      | Killed Ijyb
  1879 | D:4      | Found a basalt altar of Yredelemnul.
  1885 | D:4      | 1885 ||| RETREEEEATING.
  1890 | D:4      | 1890 ||| RETREEEEATING.
  1893 | D:4      | Reached skill level 6 in Ranged Weapons
  1940 | D:4      | Noticed Menkaure
  1941 | D:4      | 1941 ||| FLEEEEING.
  1943 | D:4      | 1943 ||| FLEEEEING.
  1944 | D:4      | 1944 ||| FLEEEEING.
  1945 | D:4      | 1945 ||| FLEEEEING.
  1948 | D:4      | 1948 ||| FLEEEEING.
  1951 | D:4      | 1951 ||| FLEEEEING.
  1955 | D:4      | 1955 ||| FLEEEEING.
  1956 | D:4      | 1956 ||| FLEEEEING.
  1957 | D:4      | 1957 ||| FLEEEEING.
  1958 | D:4      | 1958 ||| FLEEEEING.
  1959 | D:4      | 1959 ||| FLEEEEING.
  1960 | D:4      | 1960 ||| FLEEEEING.
  1961 | D:4      | 1961 ||| FLEEEEING.
  1962 | D:4      | 1962 ||| FLEEEEING.
  1963 | D:4      | 1963 ||| FLEEEEING.
  1964 | D:4      | 1964 ||| FLEEEEING.
  1969 | D:4      | 1969 ||| FLEEEEING.
  2026 | D:4      | 2026 ||| ZAPPING wand of mindburst (20) at 7,-5 (Menkaure;
                  | floor).
  2027 | D:4      | 2027 ||| ZAPPING wand of mindburst (19) at 6,-4 (Menkaure;
                  | floor).
  2030 | D:4      | 2030 ||| ZAPPING wand of mindburst (18) at 3,-4 (Menkaure;
                  | floor).
  2030 | D:4      | Killed Menkaure
  2031 | D:4      | Reached skill level 7 in Ranged Weapons
  2031 | D:4      | Reached XP level 7. HP: 19/35 MP: 8/8
  2242 | D:4      | Found a radiant altar of Vehumet.
  2249 | D:4      | Found a shimmering altar of Xom.
  2261 | D:4      | Found a runed translucent door.
  2262 | D:4      | Noticed Crazy Yiuf
  2343 | D:4      | Reached skill level 8 in Ranged Weapons
  2404 | D:4      | Noticed Grinder
  2410 | D:4      | Killed Grinder
  2411 | D:4      | Reached XP level 8. HP: 39/39 MP: 9/9
  2450 | D:4      | Found a sacrificial altar of Ru.
  2654 | D:4      | Found a staircase to the Ecumenical Temple.
  2655 | D:4      | 2655 ||| PLANNING TEMPLE
  2664 | Temple   | Entered the Ecumenical Temple
  2665 | Temple   | 2665 ||| PLANNING OKAWARU WORSHIP
  2698 | Temple   | Became a worshipper of Warmaster Okawaru
  2699 | Temple   | 2699 ||| PLANNING D:1-11
  2789 | D:4      | Noticed Pikel
  2790 | D:4      | 2790 ||| RETREEEEATING.
  2792 | D:4      | 2792 ||| RETREEEEATING.
  2795 | D:4      | 2795 ||| RETREEEEATING.
  2797 | D:4      | 2797 ||| RETREEEEATING.
  2798 | D:4      | 2798 ||| RETREEEEATING.
  2799 | D:4      | 2799 ||| RETREEEEATING.
  2800 | D:4      | 2800 ||| RETREEEEATING.
  2803 | D:4      | 2803 ||| RETREEEEATING.
  2805 | D:4      | 2805 ||| RETREEEEATING.
  2806 | D:4      | 2806 ||| RETREEEEATING.
  2807 | D:4      | 2807 ||| RETREEEEATING.
  2816 | D:4      | 2816 ||| ZAPPING wand of mindburst (17) at 0,1 (Pikel;
                  | open_door).
  2817 | D:4      | 2817 ||| ZAPPING wand of mindburst (16) at 0,1 (Pikel;
                  | open_door).
  2817 | D:4      | Killed Pikel
  2942 | D:5      | Entered Level 5 of the Dungeon
  3018 | D:5      | Reached * piety under Okawaru
  3097 | D:5      | Reached skill level 1 in Invocations
  3195 | D:5      | 3195 ||| SWAPPING to +0 orcbow.
  3196 | D:5      | 3196 ||| DROPPING +1 shortbow.
  3405 | D:5      | Reached skill level 3 in Invocations
  3470 | D:5      | Reached XP level 9. HP: 46/46 MP: 12/12
  3517 | D:5      | 3517 ||| FLEEEEING.
  3518 | D:5      | 3518 ||| FLEEEEING.
  3519 | D:5      | 3519 ||| FLEEEEING.
  3520 | D:5      | 3520 ||| FLEEEEING.
  3521 | D:5      | 3521 ||| FLEEEEING.
  3522 | D:5      | 3522 ||| FLEEEEING.
  3523 | D:5      | 3523 ||| FLEEEEING.
  3524 | D:5      | 3524 ||| FLEEEEING.
  3525 | D:5      | 3525 ||| FLEEEEING.
  3526 | D:5      | 3526 ||| FLEEEEING.
  3527 | D:5      | 3527 ||| FLEEEEING.
  3528 | D:5      | 3528 ||| FLEEEEING.
  3529 | D:5      | 3529 ||| FLEEEEING.
  3530 | D:5      | 3530 ||| FLEEEEING.
  3827 | D:5      | Found an ancient bone altar of Kikubaaqudgha.
  3943 | D:5      | 3943 ||| READING scroll labelled SILUAMNAYM.
  3945 | D:5      | 3945 ||| Stepping ~*~*~tactically~*~*~ (cloud).
  4107 | D:6      | Noticed a troll
  4108 | D:6      | 4108 ||| INVOKING Heroism.
  4113 | D:6      | Killed a troll
  4113 | D:6      | Reached ** piety under Okawaru
  4114 | D:6      | Reached skill level 9 in Dodging
  4933 | D:6      | Reached skill level 9 in Ranged Weapons
  5285 | D:6      | 5285 ||| UPGRADING to +5 ring of evasion.
  5286 | D:6      | 5286 ||| READING scroll labelled YQANIO MINIWKIA.
  5311 | D:7      | 5311 ||| STAIRDANCE
  5318 | D:7      | 5318 ||| STAIRDANCE
  5455 | D:7      | 5455 ||| STAIRDANCE
  5485 | D:7      | 5485 ||| RETREEEEATING.
  5527 | D:7      | Reached skill level 10 in Ranged Weapons
  5981 | D:7      | Reached *** piety under Okawaru
  6181 | D:7      | Found a snail-covered altar of Cheibriados.
  6373 | D:7      | 6373 ||| UPGRADING to scarf of resistance.
  6383 | D:7      | 6383 ||| READING scroll of identify.
  6383 | D:7      | 6383 ||| IDENTIFYING amethyst potion
  6384 | D:7      | 6384 ||| DRINKING 3 murky cyan potions.
  6659 | D:8      | 6659 ||| RETREEEEATING.
  6660 | D:8      | 6660 ||| RETREEEEATING.
  6661 | D:8      | 6661 ||| RETREEEEATING.
  6662 | D:8      | 6662 ||| RETREEEEATING.
  6663 | D:8      | 6663 ||| RETREEEEATING.
  6664 | D:8      | 6664 ||| RETREEEEATING.
  6665 | D:8      | 6665 ||| RETREEEEATING.
  6667 | D:8      | Reached XP level 10. HP: 51/51 MP: 14/14
  6675 | D:8      | 6675 ||| RETREEEEATING.
  6676 | D:8      | 6676 ||| RETREEEEATING.
  6679 | D:8      | 6679 ||| RETREEEEATING.
  6680 | D:8      | 6680 ||| RETREEEEATING.
  6681 | D:8      | 6681 ||| RETREEEEATING.
  6684 | D:8      | 6684 ||| RETREEEEATING.
  6685 | D:8      | 6685 ||| RETREEEEATING.
  6713 | D:8      | Reached skill level 11 in Ranged Weapons
  6730 | D:8      | Reached **** piety under Okawaru
  6864 | D:8      | 6864 ||| INVOKING Finesse.
  6954 | D:8      | Reached skill level 12 in Dodging
  7329 | D:9      | Found a broken altar of Ashenzari.
  7369 | D:9      | Found a staircase to the Orcish Mines.
  7610 | D:9      | Found a hide-covered altar of Uskayaw.
  7855 | D:9      | 7855 ||| RETREEEEATING.
  7856 | D:9      | 7856 ||| RETREEEEATING.
  7857 | D:9      | 7857 ||| RETREEEEATING.
  7859 | D:9      | 7859 ||| RETREEEEATING.
  7860 | D:9      | 7860 ||| RETREEEEATING.
  7862 | D:9      | 7862 ||| RETREEEEATING.
  7863 | D:9      | 7863 ||| RETREEEEATING.
  7865 | D:9      | 7865 ||| RETREEEEATING.
  7867 | D:9      | 7867 ||| RETREEEEATING.
  7869 | D:9      | 7869 ||| RETREEEEATING.
  7871 | D:9      | 7871 ||| RETREEEEATING.
  7875 | D:9      | Reached skill level 6 in Invocations
  7880 | D:9      | 7880 ||| RETREEEEATING.
  7881 | D:9      | 7881 ||| RETREEEEATING.
  7882 | D:9      | 7882 ||| RETREEEEATING.
  7883 | D:9      | 7883 ||| RETREEEEATING.
  7884 | D:9      | 7884 ||| RETREEEEATING.
  7885 | D:9      | 7885 ||| RETREEEEATING.
  7893 | D:9      | Reached ***** piety under Okawaru
  8066 | D:9      | Reached skill level 12 in Ranged Weapons
  8204 | D:9      | 8204 ||| READING scroll labelled GAHEOM HYRUMY.
  8396 | D:10     | Entered Level 10 of the Dungeon
  8412 | D:10     | Received a gift from Okawaru
  8518 | D:10     | 8518 ||| RETREEEEATING.
  8519 | D:10     | 8519 ||| RETREEEEATING.
  8520 | D:10     | 8520 ||| RETREEEEATING.
  8521 | D:10     | 8521 ||| RETREEEEATING.
  8522 | D:10     | 8522 ||| RETREEEEATING.
  8523 | D:10     | 8523 ||| RETREEEEATING.
  8524 | D:10     | 8524 ||| RETREEEEATING.
  8526 | D:10     | 8526 ||| RETREEEEATING.
  8527 | D:10     | 8527 ||| RETREEEEATING.
  8536 | D:10     | 8536 ||| RETREEEEATING.
  8537 | D:10     | 8537 ||| RETREEEEATING.
  8538 | D:10     | 8538 ||| RETREEEEATING.
  8542 | D:10     | Reached XP level 11. HP: 47/54 MP: 17/17
  8658 | D:10     | Noticed a two-headed ogre
  8659 | D:10     | 8659 ||| INVOKING Finesse.
  8670 | D:10     | Killed a two-headed ogre
  9157 | D:10     | Noticed a two-headed ogre
  9158 | D:10     | 9158 ||| INVOKING Finesse.
  9170 | D:10     | Killed a two-headed ogre
  9482 | D:10     | 9482 ||| UPGRADING to +0 acid dragon scales.
  9492 | D:10     | 9492 ||| DROPPING +0 robe.
  9493 | D:10     | 9493 ||| UPGRADING to amulet of faith.
  9498 | D:10     | 9498 ||| UPGRADING to ring of poison resistance.
  9500 | D:10     | 9500 ||| READING scroll of identify.
  9500 | D:10     | 9500 ||| IDENTIFYING fuming brown potion
  9501 | D:10     | 9501 ||| READING scroll labelled VEURYUT XOTI.
  9502 | D:10     | 9502 ||| DRINKING 2 yellow potions.
  9503 | D:10     | 9503 ||| DROPPING potion of invisibility.
  9705 | D:11     | Noticed a two-headed ogre
  9706 | D:11     | 9706 ||| INVOKING Finesse.
  9722 | D:11     | Killed a two-headed ogre
  9723 | D:11     | Reached skill level 1 in Armour
  9778 | D:11     | Found a staircase to the Lair.
  9865 | D:11     | 9865 ||| RETREEEEATING.
  9867 | D:11     | Identified the staff "Macsiang" {^Drain rElec rPois Will+
                  | Air}
  9872 | D:11     | 9872 ||| RETREEEEATING.
  9877 | D:11     | 9877 ||| INVOKING Finesse.
  9901 | D:11     | Noticed a sixfirhy
  9919 | D:11     | Reached skill level 9 in Invocations
  9924 | D:11     | Noticed a white ugly thing
  9927 | D:11     | Noticed a brown ugly thing
  9937 | D:11     | 9937 ||| ZAPPING wand of quicksilver (12) at 2,-1 (brown
                  | ugly thing; floor).
  9938 | D:11     | 9938 ||| INVOKING Finesse.
  9948 | D:11     | HP: 12/55 [brown ugly thing (12)]
  9949 | D:11     | 9949 ||| READING 5 scrolls of teleportation.
  9950 | D:11     | 9950 ||| DRINKING 3 potions of heal wounds.
 10098 | D:11     | Gained mutation: You are frail. (-10% HP) [a neqoxec]
 10163 | D:11     | Noticed a deep elf pyromancer
 10164 | D:11     | 10164 ||| ZAPPING wand of quicksilver (11) at 6,-3 (deep
                  | elf pyromancer; floor).
 10165 | D:11     | 10165 ||| INVOKING Finesse.
 10172 | D:11     | Killed a deep elf pyromancer
 10172 | D:11     | Received a gift from Okawaru
 10242 | D:11     | Noticed a two-headed ogre
 10243 | D:11     | 10243 ||| RETREEEEATING.
 10244 | D:11     | 10244 ||| FLEEEEING.
 10245 | D:11     | 10245 ||| FLEEEEING.
 10246 | D:11     | 10246 ||| FLEEEEING.
 10247 | D:11     | 10247 ||| FLEEEEING.
 10248 | D:11     | 10248 ||| FLEEEEING.
 10249 | D:11     | 10249 ||| FLEEEEING.
 10250 | D:11     | 10250 ||| FLEEEEING.
 10251 | D:11     | 10251 ||| FLEEEEING.
 10252 | D:11     | 10252 ||| FLEEEEING.
 10270 | D:11     | HP: 5/49 [wyvern (shapeshifter) (17)]
 10271 | D:11     | 10271 ||| READING 4 scrolls of teleportation.
 10272 | D:11     | 10272 ||| DRINKING 2 potions of heal wounds.
 10275 | D:11     | 10275 ||| ZAPPING wand of quicksilver (10) at 6,-5
                  | (two-headed ogre; floor).
 10349 | D:11     | 10349 ||| DRINKING 2 potions of curing.
 10349 | D:11     | 10349 ||| (to cure confusion)
 10352 | D:11     | Reached skill level 13 in Ranged Weapons
 10390 | D:11     | Noticed a boulder beetle
 10391 | D:11     | 10391 ||| INVOKING Finesse.
 10414 | D:11     | HP: 10/49 [acid (3)]
 10415 | D:11     | 10415 ||| READING 3 scrolls of teleportation.
 10416 | D:11     | 10416 ||| DRINKING potion of heal wounds.
 10421 | D:11     | Killed a brown ugly thing
 10422 | D:11     | Reached XP level 12. HP: 24/54 MP: 16/20
 10567 | D:11     | 10567 ||| INVOKING Finesse.
 10581 | D:11     | HP: 10/54 [two-headed ogre/+0 giant spiked club (13)]
 10582 | D:11     | 10582 ||| READING 2 scrolls of teleportation.
 10583 | D:11     | Demolished by a two-headed ogre

Levels and vault maps discovered:
D:1:      roderic_crossed_star, layout_basic, serial_shops, shop,
          nicolae_diamond_shop, shop, shop, shop, interstate_on_off,
          chequers_mini_garden, minmay_misc_feat_tiny
D:2:      layout_rooms, minmay_tromino_v2
D:3:      layout_basic, good_gods_temple_1, nicolae_hepliaklqana_hippocampus,
          minmay_misc_feat_encased, chequers_garden, uniq_sigmund
D:4:      layout_gridville, nicolae_yredelemnul_corpse_copse,
          mainiacjoe_overflow_big_doors, nicolae_ru_sacrificial_ziggurat,
          temple_hall, uniq_ijyb, uniq_grinder, uniq_crazy_yiuf_cottage,
          uniq_menkaure, uniq_pikel
D:5:      layout_basic, lemuel_zombie_altar_kikubaaqudgha, grunt_decor_junction,
          kennysheep_generic_room_2
D:6:      layout_layer_cave
D:7:      layout_basic, chei_slow_surprise
D:8:      layout_gridville
D:9:      layout_irregular_city, nicolae_ashenzari_panopticon,
          nicolae_uskayaw_dance_hall, orc_0_dummy
D:10:     cheibrodos_two_vegetables, layout_small_grid, minmay_misc_feat_iff
D:11:     layout_rooms, david_lair_shrubbed, serial_demonic, serial_demonic_a,
          serial_demonic_e, serial_demonic_e, serial_demonic_e,
          minmay_the_grid_square_5x5_3x3_mashed
          [minmay_the_grid_square_5x5_gyroscope,
          minmay_the_grid_square_5x5_spiral_small,
          minmay_the_grid_square_5x5_one_wall, minmay_the_grid_square_5x5_bite,
          minmay_the_grid_square_5x5_megaprize_crossed,
          minmay_the_grid_square_5x5_sharp_hourglass,
          minmay_the_grid_square_5x5_dogpile,
          minmay_the_grid_square_5x5_percent,
          minmay_the_grid_square_5x5_moneybag]
Temple:   cyrus_temple_forest

Skill      XL: |  1  2  3  4  5  6  7  8  9 10 11 |
---------------+----------------------------------+-----
Dodging        | 3 4 7 8 11 12 | 12.9
Ranged Weapons | 5 7 8 10 12 13 | 13.1
Fighting       | 2 4 5 |  5.0
Invocations    | 3 4 6 10 | 10.0
Armour         | 1 |  1.4
Stealth        | |  1.5

Action                     |  1- 3 |  4- 6 |  7- 9 | 10-12 || total
---------------------------+-------+-------+-------+-------++-------
   Fire: Shortbow          |    68 |   171 |   115 |       ||   354
         Orcbow            |       |       |   262 |   659 ||   921
 Invoke: Heroism           |       |       |     1 |       ||     1
         Finesse           |       |       |       |     9 ||     9
  Evoke: Wand              |       |     3 |     2 |     3 ||     8
    Use: Scroll            |     1 |     8 |     3 |     7 ||    19
         Potion            |     1 |     3 |     1 |     5 ||    10
 Armour: Robe              |     2 |    27 |    38 |    38 ||   105
         Acid dragon scale |       |       |       |    36 ||    36
  Dodge: Dodged            |    24 |    94 |   182 |   425 ||   725

Table legend:
 A = Non-vault XP
 B = Vault XP
 C = Vault XP percentage of total XP
 D = Non-vault monster count
 E = Vault monster count
 F = Vault count percentage of total count
                 A         B        C        D         E       F
            +---------+---------+-------+---------+---------+-------
      Total |   12575 |    9412 |  42.8 |     200 |      49 |  19.7
            +---------+---------+-------+---------+---------+-------
        D:1 |      38 |       0 |   0.0 |      15 |       0 |   0.0
        D:2 |      65 |       3 |   4.4 |      13 |       2 |  13.3
        D:3 |     102 |     231 |  69.4 |      21 |       1 |   4.5
        D:4 |     407 |    1233 |  75.2 |      25 |       9 |  26.5
        D:5 |     871 |     244 |  21.9 |      30 |       9 |  23.1
        D:6 |     704 |       0 |   0.0 |       7 |       0 |   0.0
        D:7 |    1153 |       0 |   0.0 |      18 |       0 |   0.0
        D:8 |    2399 |       0 |   0.0 |      28 |       0 |   0.0
        D:9 |    2996 |       0 |   0.0 |      16 |       0 |   0.0
       D:10 |    2075 |    1818 |  46.7 |      21 |       8 |  27.6
       D:11 |    1765 |    5883 |  76.9 |       6 |      20 |  76.9
            +---------+---------+-------+---------+---------+-------
